 Dungeon Crawl Stone Soup version 0.29.1-2-gbd0b4ee654 (webtiles) character file.

Game seed: 14134359170492547039

830 RascalDebosk the Magician (level 8, -6/58 HPs)
             Began as a Djinni Gladiator on Oct 28, 2022.
             Mangled by a two-headed ogre
             ... wielding a +0 giant spiked club
              (20 damage)
             ... on level 5 of the Dungeon.
             The game lasted 00:35:35 (4113 turns).

RascalDebosk the Magician (Djinni Gladiator)        Turns: 4113, Time: 00:35:36

Health: -6/58      AC: 21    Str: 13    XL:     8   Next: 18%
Gold:   55         EV: 10    Int: 11    God:
                   SH:  0    Dex: 16

rFire   + + .      SeeInvis .   v - +1 long sword (antimagic)
rCold   . . .      Faith    .   (no shield)
rNeg    . . .      Spirit   .   r - +7 Kryia's mail coat {PotionHeal*2 rC+}
rPois   ∞          Reflect  .   c - +0 helmet
rElec   .          Harm     .   s - +2 cloak
rCorr   .          Rampage  .   j - +2 pair of gloves
Will    .....                   (boots unavailable)
Stlth   ..........              n - amulet of regeneration
HPRegen 0.99/turn               (no ring)
MPRegen 0.00/turn               (no ring)

@: flying, slowed, very slow
A: sickness immunity, fire resistance 2, cold vulnerability 1, float, innate
caster, HP casting, extra vitality 1
a: no special abilities


You were on level 5 of the Dungeon.
You visited 1 branch of the dungeon, and saw 5 of its levels.

You collected 243 gold pieces.
You spent 188 gold pieces at shops.

Inventory:

Hand Weapons
 a - a +0 long sword
 v - a +1 antimagic long sword (weapon)
Missiles
 d - 3 throwing nets {@!f}
 e - 7 javelins
Armour
 c - a +0 helmet (worn)
 j - a +2 pair of gloves (worn)
 r - the +7 Kryia's mail coat (worn) {PotionHeal*2 rC+}
   (You found it on level 2 of the Dungeon)

   Potions are twice as effective at healing its wearer.
   rC:        It protects you from cold.
 s - a +2 cloak (worn)
Jewellery
 n - an amulet of regeneration (around neck)
Wands
 b - a wand of roots (24)
Scrolls
 f - 3 scrolls of fog
 i - a scroll of immolation {unknown}
 t - a scroll of teleportation
 u - a scroll of poison {unknown}
 x - a scroll of silence {unknown}
Potions
 g - 5 potions of curing
 k - 2 potions of flight {unknown}
 l - 2 potions of haste
 m - a potion of berserk rage {unknown}
 o - 3 potions of might
 p - a potion of lignification {unknown}
 q - a potion of invisibility {unknown}
 w - 2 potions of brilliance {unknown}
 z - a potion of heal wounds {unknown}
 A - a potion of resistance {unknown}


   Skills:
 + Level 4.0 Fighting
 - Level 2.6 Long Blades
 - Level 1.5 Throwing
 + Level 3.3 Armour
 - Level 3.2 Dodging
 * Level 5.1 Spellcasting


You had 12 spell levels left.
You knew the following spells:

 Your Spells              Type           Power      Damage    Failure   Level
a - Shock                 Conj/Air       56%        1d6       11%         1
b - Ensorcelled Hibernat  Hex/Ice        28%        N/A       17%         2
c - Poisonous Vapours     Pois/Air       28%        N/A       17%         2
Your spell library was empty.

Dungeon Overview and Level Annotations

Branches:
Dungeon (5/15)
 Temple: D:4-7

Altars:
Nemelex Xobeh
Okawaru
Uskayaw
Yredelemnul
The Shining One

Shops:
D:1 (


Innate Abilities, Weirdness & Mutations

You are immune to sickness and miasma.
You are immune to poison.
Your flesh is very heat resistant. (rF++)
You are vulnerable to cold. (rC-)
You float through the air rather than walking.
You learn spells naturally, not from books.
Your magical power is your life essence.
You have superior vitality. (+4 MHP)


Message History

The wraith hits you! The wraith drains your vigour!
You feel as though you will be slow longer.
The wraith hits you but does no damage.
You hit the wraith but do no damage.
The wraith is heavily damaged.
The wraith hits you but does no damage. The wraith hits you.
The wraith drains your vigour!
You feel as though you will be slow longer.
Unknown command.
You hit the wraith but do no damage.
The wraith is heavily damaged.
The wraith hits you.
* * * LOW HITPOINT WARNING * * *
The wraith drains your vigour!
You feel as though you will be slow longer.
You slash the wraith!
The wraith is severely damaged.
The wraith hits you but does no damage. The wraith closely misses you.
You hit the wraith.
The wraith is almost destroyed.
The wraith barely misses you. The wraith hits you.
Unknown command.
You barely miss the wraith.
The wraith is almost destroyed.
The wraith barely misses you. The wraith hits you but does no damage.
You barely miss the wraith.
The wraith is almost destroyed.
The wraith closely misses you. The wraith hits you but does no damage.
Unknown command.
You completely miss the wraith.
The wraith is almost destroyed.
The wraith hits you. The wraith drains your vigour!
You feel as though you will be slow longer.
The wraith closely misses you.
You barely miss the wraith.
The wraith is almost destroyed.
The wraith hits you but does no damage. The wraith closely misses you.
You hit the wraith. You punch the wraith, but do no damage.
The wraith is almost destroyed.
The wraith hits you. The wraith hits you but does no damage.
You hit the wraith.
You destroy the wraith!
Your Fighting skill increases to level 4!
Your Armour skill increases to level 3!
Your Spellcasting skill increases to level 5!
You have reached level 8!
You feel agile.
You start resting.
A shadow imp comes into view.
The shadow imp shouts, "Slither away, thou rank ill-breeding strumpet!"
You hear two shouts!
The shadow imp hits you but does no damage.
The shadow imp barely misses you.
You hit the shadow imp but do no damage.
The shadow imp closely misses you.
You hit the shadow imp.
The shadow imp's magic leaks into the air.
The shadow imp is heavily wounded.
The shadow imp hits you but does no damage. x2
You hit the shadow imp.
You kill the shadow imp!
A two-headed ogre comes into view.
It is wielding a +0 giant spiked club and a +0 giant club.
The two-headed ogre moves out of view.
The two-headed ogre attacks as you move away!
The two-headed ogre hits you with a +0 giant spiked club!
The two-headed ogre hits you but does no damage.
You slash the two-headed ogre!
The two-headed ogre is lightly wounded.
The two-headed ogre hits you but does no damage.
The two-headed ogre misses you. The two-headed ogre barely misses you.
The two-headed ogre hits you but does no damage.
You hit the two-headed ogre but do no damage.
The two-headed ogre is lightly wounded.
The two-headed ogre closely misses you. x2
You hit the two-headed ogre.
The two-headed ogre is lightly wounded.
The two-headed ogre hits you with a +0 giant spiked club.
The two-headed ogre hits you with a +0 giant club!!
You barely miss the two-headed ogre.
The two-headed ogre is lightly wounded.
The two-headed ogre barely misses you.
The two-headed ogre hits you but does no damage.
You hit the two-headed ogre.
The two-headed ogre is moderately wounded.
The two-headed ogre hits you with a +0 giant spiked club!
* * * LOW HITPOINT WARNING * * *
The two-headed ogre hits you with a +0 giant club.
* * * LOW HITPOINT WARNING * * *
The two-headed ogre hits you with a +0 giant spiked club!
* * * LOW HITPOINT WARNING * * *
The two-headed ogre hits you but does no damage.
Aiming: Poisonous Vapours (safe; 17% risk of failure)
Press: ? - help, Q - select action, (/) - cycle Dir - move target, f - two-headed ogre
Aim: a two-headed ogre, wielding a +0 giant spiked club and a +0 giant club (lightly wounded) Poisonous vapours surround the two-headed ogre!
The two-headed ogre is poisoned.
* * * LOW HITPOINT WARNING * * *
The two-headed ogre closely misses you.
The two-headed ogre hits you with a +0 giant club!!
You die...

#.# #### ## #.# # .## #.#
# ## ..## #.# #
.#...########.############
#.........................
#.### #######.############
#...#########.#
........#.....O@....#
#####################


You could see a two-headed ogre (poisoned).

Vanquished Creatures
  A wraith (D:5)
  An ice beast (D:5)
  A black bear (D:5)
  A necrophage (D:5)
  A scorpion (D:4)
  3 orc priests
  A hound (D:4)
  2 scorpion zombies (D:4)
  4 hound zombies (D:4)
  8 adders
  A shadow imp (D:5)
  An adder zombie (D:4)
  2 worms (D:2)
  9 orcs
  8 ball pythons
  3 bats
  2 endoplasms
  9 goblins
  5 hobgoblins
  2 jackals (D:1)
  7 kobolds
  5 quokkas
  5 frilled lizards
  4 rats
  2 bushes (D:1)
88 creatures vanquished.

Vanquished Creatures (others)
  10 plants (D:1)
  9 withered plants (D:4)
19 creatures vanquished.

Grand Total: 107 creatures vanquished

Notes
Turn   | Place    | Note
-------+----------+-------------------------------------------
     0 | D:1      | RascalDebosk the Djinni Gladiator began the quest for the
                  | Orb.
     0 | D:1      | Reached XP level 1. HP: 18/18 MP: 0/0
    35 | D:1      | Found a faded altar of an unknown god.
    59 | D:1      | Reached skill level 1 in Spellcasting
    59 | D:1      | Reached XP level 2. HP: 16/23 MP: 0/0
   444 | D:1      | Found Unu Dit's Antique Weapon Emporium.
   501 | D:1      | Reached XP level 3. HP: 28/28 MP: 0/0
   501 | D:1      | Learned a level 1 spell: Shock
  1395 | D:2      | Reached skill level 2 in Spellcasting
  1445 | D:2      | Found the +7 Kryia's mail coat {PotionHeal*2 rC+}
  1521 | D:2      | Found an iron altar of Okawaru.
  1665 | D:2      | Reached XP level 4. HP: 31/33 MP: 0/0
  2391 | D:2      | Reached skill level 3 in Spellcasting
  2391 | D:2      | Reached XP level 5. HP: 36/38 MP: 0/0
  2391 | D:2      | Learned a level 2 spell: Ensorcelled Hibernation
  2769 | D:3      | Identified the +11 whip "Seseh" {distort, Fly}
  2791 | D:3      | Found a glowing golden altar of the Shining One.
  3135 | D:4      | Reached skill level 1 in Armour
  3135 | D:4      | Reached XP level 6. HP: 45/45 MP: 0/0
  3153 | D:4      | Found a hide-covered altar of Uskayaw.
  3173 | D:4      | Reached skill level 4 in Spellcasting
  3270 | D:4      | Reached XP level 7. HP: 37/50 MP: 0/0
  3270 | D:4      | Learned a level 2 spell: Poisonous Vapours
  3399 | D:1      | Bought a runed long sword for 188 gold pieces
  3537 | D:4      | Found a sparkling altar of Nemelex Xobeh.
  3669 | D:4      | Found a basalt altar of Yredelemnul.
  3811 | D:5      | Entered Level 5 of the Dungeon
  4070 | D:5      | Noticed a wraith
  4088 | D:5      | Killed a wraith
  4089 | D:5      | Reached skill level 5 in Spellcasting
  4089 | D:5      | Reached XP level 8. HP: 37/58 MP: 0/0
  4099 | D:5      | Noticed a two-headed ogre
  4113 | D:5      | Mangled by a two-headed ogre

Illustrated notes

Levels and vault maps discovered:
D:1:      heliophobic_arrival_dark_side_of_the_moon, layout_basic, serial_shops,
          nicolae_shop_overgrown_old_shop, serial_forest,
          infiniplex_forest_fountain, infiniplex_forest_corner_1,
          infiniplex_forest_end_3, infiniplex_forest_end_1,
          infiniplex_forest_straight_3, chequers_ecumenical_altar_simple
D:2:      layout_basic, basic_altar, supply_closet_lemuel
D:3:      layout_loops_ring, nicolae_tso_carved_into_rock, chequers_jeans
D:4:      layout_rooms, mainiacjoe_overflow_six_doors_small,
          nemelex_altar_shiori, kennysheep_little_box, serial_undead,
          serial_undead_a, serial_undead_e, serial_undead_b, serial_undead_b,
          minmay_misc_feat_ornament
D:5:      nicolae_cairo_tiling, layout_loops_ring,
          minmay_temple_entry_mini_moons, minmay_manual_maat

Skill      XL: |  1  2  3  4  5  6  7 |
---------------+----------------------+-----
Spellcasting   | 1 2 3 4 5 |  5.1
Armour         | 1 2 3 |  3.3
Fighting       | 3 4 |  4.0
Long Blades    | |  2.6
Throwing       | |  1.5
Dodging        | |  3.2

Action                   |  1- 3 |  4- 6 |  7- 9 || total
-------------------------+-------+-------+-------++-------
Melee: Long sword        |   304 |   102 |    65 ||   471
       Punch             |     3 |       |     2 ||     5
 Cast: Shock             |    39 |    79 |     3 ||   121
       Ensorcelled Hiber |       |     7 |       ||     7
       Poisonous Vapours |       |       |    20 ||    20
  Use: Scroll            |       |       |     7 ||     7
 Stab: Sleeping          |       |     3 |       ||     3
Armor: Leather armour    |    28 |       |       ||    28
       Scale mail        |       |    81 |    64 ||   145
Dodge: Dodged            |    63 |    89 |    35 ||   187
